Dak Armored V USF Mechanized - 08/30/2023

Match 12407967
End
Kradschützen Motorcycle Team
Selects Armored Suppot Battlegroup
Panzergrenadier Squad
Construct Light Support Kompanie
250 Light Carrier
Panzerpioneer Squad
Selects Superior Fire Drills
Panzergrenadier Squad
Fire Support Elements
2.5-tonne Medical Truck
Panzerjäger Mechanized Group
Veteran Squad Leaders
Flakvierling Half-track
Selects Flammpanzer III Medium Tank Sd.Kfz. 141
Tungsten Core Ammunition
Construct Mechanized Kompanie
8 Rad Armored Car
Selects Command Panzer IV F Medium Tank
Marder III Tank Destroyer
Marder III Tank Destroyer
Panzerjäger Mechanized Group
Command Panzer IV F Medium Tank
8 Rad Armored Car
Panzerjäger Mechanized Group
Selects Salvage Kits
Selects Panzer Storm
Selects Stuka Anti-tank Loiter
Dromaeda
Step
0
0

Comments sign in to comment!

No comments posted yet!